 Dungeon Crawl Stone Soup version 0.20-a0-296-gf222164 (webtiles) character file.

177 Da5id the Twirler (level 5, -2/41 HPs)
             Began as a Formicid Fighter on Dec 14, 2016.
             Slain by Sigmund
             ... wielding a +0 scythe
              (5 damage)
             ... on level 3 of the Dungeon.
             The game lasted 00:01:28 (1681 turns).

Da5id the Twirler (Formicid Fighter)                Turns: 1681, Time: 00:01:28

Health: -2/41      AC:  8    Str: 21    XL:     5   Next: 87%
Magic:  5/5        EV:  7    Int:  8    God:
Gold:   158        SH:  9    Dex: 10    Spells: 4/4 levels left

rFire  . . .     SeeInvis +     a - +0 quarterstaff
rCold  . . .     Gourm    .     b - +0 scale mail
rNeg   . . .     Faith    .     c - +0 shield
rPois  .         Spirit   .     (helmet unavailable)
rElec  .         Reflect  .     (no cloak)
rCorr  .         Harm     .     l - +0 pair of gloves
MR     .....                    (no boots)
Stlth  ..........               (no amulet)
                                (no ring)
                                (no ring)

@: no status effects
A: permanent stasis, dig shafts and tunnels, four strong arms, antennae 3
a: Dig, Shaft Self


You were on level 3 of the Dungeon.
You were very hungry.

You visited 1 branch of the dungeon, and saw 3 of its levels.

You collected 158 gold pieces.

Inventory:

Hand Weapons
 a - a +0 quarterstaff (weapon)
Armour
 b - a +0 scale mail (worn)
 c - a +0 shield (worn)
 l - a +0 pair of gloves (worn)
Scrolls
 d - a scroll of immolation {unknown}
 e - a scroll of teleportation {unknown}
 h - a scroll of blinking {unknown}
 i - 2 scrolls of remove curse {unknown}
 k - 2 scrolls of identify {unknown}
 m - a scroll of fog {unknown}
 n - a scroll of random uselessness {unknown}
 o - a scroll of amnesia {unknown}
Potions
 j - a potion of flight {unknown}
 p - a potion of lignification {unknown}
Comestibles
 f - 2 bread rations


   Skills:
 - Level 3.2 Fighting
 + Level 5.6 Staves
 - Level 3.2 Armour
 - Level 3.6 Shields


You had 4 spell levels left.
You didn't know any spells.

Dungeon Overview and Level Annotations

Branches:
Dungeon (3/15)

Altars:

Annotations:
D:3 Sigmund


Innate Abilities, Weirdness & Mutations

You cannot be hasted, slowed, berserked, paralysed or teleported.
You can dig through walls and to a lower floor.
Your four strong arms can wield two-handed weapons with a shield.
You have a pair of large antennae on your head. (SInv)


Message History

The orc priest is heavily wounded.
The orc priest invokes the aid of Beogh against you.
Beogh smites you!
* * * LOW HITPOINT WARNING * * *
You sock the orc priest!
The orc priest is almost dead.
Sigmund laughs darkly.
You block Sigmund's attack. You block the orc priest's attack.
You sock the orc priest!
You kill the orc priest!
Sigmund hits you from afar with a scythe.
* * * LOW HITPOINT WARNING * * *
Sigmund casts a spell at you. The puff of flame misses you.
Items here: ) [ †† a dagger; a robe; an orc corpse x2
You barely miss Sigmund. You block Sigmund's attack.
You closely miss Sigmund. You closely miss Sigmund.
Sigmund hits you with a scythe.
You die...

#.......########.##.#
#..<.............##.#
#........##########.# {
#..........# #.#
#.#........# #.#
o.............# #.#
..<...........# #.#
..##.##.####..##########.#
{. #.##.####....@@.......#
.. #.##.#.....############
.. #.##.......#
..##.####.##.##
.@........##.#
#.##.........# ..
########### ##


You could see Sigmund (invisible).

Vanquished Creatures
  The ghost of Da5id the Cudgeler, an amateur GrFi (D:3)
  An orc priest (D:3)
  An orc wizard (D:3)
  An adder (D:2)
  2 oozes (D:1)
  A dart slug (D:2)
  2 leopard geckos
  2 giant cockroaches
  3 hobgoblins
  2 jackals (D:2)
  3 kobolds
  2 ball pythons (D:2)
  4 bats
  A frilled lizard (D:1)
  2 goblins (D:1)
  3 rats
31 creatures vanquished.

Notes
Turn   | Place    | Note
-------+----------+-------------------------------------------
     0 | D:1      | Da5id the Formicid Fighter began the quest for the Orb.
     0 | D:1      | Reached XP level 1. HP: 18/18 MP: 1/1
   229 | D:1      | Reached XP level 2. HP: 22/24 MP: 2/2
   255 | D:1      | Reached skill level 3 in Staves
   352 | D:2      | Reached XP level 3. HP: 4/29 MP: 3/3
  1223 | D:3      | Reached XP level 4. HP: 35/35 MP: 4/4
  1224 | D:3      | Reached skill level 4 in Staves
  1238 | D:3      | Noticed Da5id's ghost (amateur GrFi)
  1249 | D:3      | HP: 1/35 [Da5id's ghost (6)]
  1251 | D:3      | Killed Da5id's ghost
  1251 | D:3      | Reached skill level 5 in Staves
  1251 | D:3      | Reached XP level 5. HP: 1/41 MP: 5/5
  1643 | D:3      | Noticed Sigmund
  1677 | D:3      | HP: 2/41 [Sigmund/scythe (5)]
  1681 | D:3      | Slain by Sigmund

Vault maps used:
D:1:      saegor_arrival_under_anarchy
D:3:      uniq_sigmund

Skill      XL: |  1  2  3  4 |
---------------+-------------+-----
Staves         | 3 5 |  5.6
Fighting       | |  3.2
Armour         | |  3.2
Shields        | |  3.6

Action                   |  1- 3 |  4- 6 || total
-------------------------+-------+-------++-------
Melee: Quarterstaff      |    66 |    22 ||    88
  Use: Potion            |       |     2 ||     2
  Eat: Chunk             |     1 |       ||     1
Armor: Scale mail        |    26 |     5 ||    31
Dodge: Dodged            |    22 |     1 ||    23
Block: Shield            |    30 |     8 ||    38
